 Dungeon Crawl Stone Soup version 0.28.0-53-g5a82cb258f (webtiles) character file.

Game seed: 5790509810938384395

424 SanguineChosen the Covered (level 6, -2/38 HPs)
             Began as a Gargoyle Fighter on July 20, 2022.
             Slain by a black bear (3 damage)
             ... on level 4 of the Dungeon.
             The game lasted 00:09:25 (3699 turns).

SanguineChosen the Covered (Gargoyle Fighter)       Turns: 3699, Time: 00:09:26

Health: -2/38      AC: 14    Str: 21    XL:     6   Next: 96%
Magic:  6/6        EV:  9    Int:  9    God:
Gold:   131        SH:  4    Dex:  9    Spells: 5/5 levels left

rFire   + . .      SeeInvis .   h - +3 short sword (speed)
rCold   . . .      Faith    .   c - +0 buckler
rNeg    + . .      Spirit   .   b - +0 scale mail
rPois   ∞          Reflect  .   (no helmet)
rElec   +          Harm     .   s - +2 cloak {rCorr}
rCorr   +          Rampage  .   (no gloves)
Will    .....                   (no boots)
Stlth   ..........              (no amulet)
HPRegen 0.12/turn               o - ring of protection from fire
MPRegen 0.10/turn               (no ring)

@: no status effects
A: sickness immunity, AC +4, negative energy resistance 1, electricity
resistance, torment resistance 1, petrification resistance
a: no special abilities


You were on level 4 of the Dungeon.
You visited 1 branch of the dungeon, and saw 4 of its levels.

You collected 131 gold pieces.

Inventory:

Hand Weapons
 a - a +0 flail
 h - a +3 short sword of speed (weapon)
 i - a +2 dagger of venom
 m - a +1 short sword of venom
Armour
 b - a +0 scale mail (worn)
 c - a +0 buckler (worn)
 f - a +0 cloak
 s - a +2 cloak of preservation (worn)
Jewellery
 k - an amulet of guardian spirit
 o - a ring of protection from fire (left hand)
Wands
 q - a wand of polymorph (8)
Scrolls
 e - a scroll of amnesia
Potions
 j - 2 potions of haste
 l - a potion of heal wounds {unknown}
 p - a potion of brilliance {unknown}


   Skills:
 + Level 4.1 Fighting
 + Level 4.2 Short Blades
 + Level 2.8 Maces & Flails
 + Level 4.3 Armour
 + Level 1.0 Dodging
 + Level 0.2 Stealth
 + Level 4.0 Shields


You had 5 spell levels left.
You didn't know any spells.
Your spell library contained the following spells:

 Spells                   Type           Power      Damage    Failure   Level
 Tukima's Dance           Hex            0%         N/A       99%         3
 Anguish                  Hex/Necr       0%         N/A       100%        4
 Enfeeble                 Hex            0%         N/A       100%        7


Dungeon Overview and Level Annotations

Branches:
Dungeon (4/15)
 Temple: D:4-7

Altars:
Okawaru


Innate Abilities, Weirdness & Mutations

You are immune to sickness and miasma.
Your stone body is resilient. (AC +4)
You are immune to poison.
You resist negative energy. (rN+)
You are resistant to electric shocks. (rElec)
You are resistant to unholy torment.
You are immune to petrification.


Message History

* * * LOW HITPOINT WARNING * * *
You closely miss the orc. You barely miss the orc.
The orc closely misses you. x2
You puncture the orc!
You kill the orc!
It was a potion of invisibility.
You fade into invisibility!
The orc closely misses you.
It was a potion of cancellation.
Your magical effects are unravelling.
You feel magically purged.
You feel yourself slow down.
You flicker back into view.
You feel a little less mighty now. The orc hits you but does no damage.
Items here: ))))) [[[ ††††.
You hit the orc.
The orc is severely wounded.
The orc hits you but does no damage.
You hit the orc.
The orc is almost dead.
You barely miss the orc.
The orc is almost dead.
The orc misses you.
You barely miss the orc.
The orc is almost dead.
The orc hits you but does no damage.
You hit the orc.
You kill the orc!
You start resting.
A black bear comes into view.
The black bear bites you but does no damage.
The black bear claws you but does no damage.
The black bear closely misses you. The black bear bites you.
* * * LOW HITPOINT WARNING * * *
The black bear claws you.
* * * LOW HITPOINT WARNING * * *
You block the black bear's attack. The black bear bites you.
You die...

.....# )............## .....#
#.............# #....##
....#........## ......##..
##.......# ........... ##......#
##.###..... ##)....# #..## #....
##.÷...## .≈≈ ....#
#...####.<.....#### ##≈≈ ...##
#........@........# #...#.
...#####.......h........## g.....
......#>................###......
...##.##................#.#...B##
....#.##.......####.......#...o..
....#..#.......## #)###...oo.#
................###.#######..#
..##.#...........).).# .##
...#.#.####....###).##


oo You could see a black bear.

Vanquished Creatures
  A necrophage (D:4)
  A scorpion (D:4)
  A water moccasin skeleton (D:4)
  Crazy Yiuf (D:3)
  An orc priest (D:4)
  An orc wizard (D:3)
  A hound skeleton (D:4)
  An adder (D:2)
  An adder skeleton (D:4)
  2 worms (D:2)
  13 orcs
  8 bats
  4 endoplasms
  5 giant cockroaches
  7 goblins
  6 hobgoblins
  6 jackals
  8 kobolds
  4 quokkas
  7 ball pythons
  A frilled lizard (D:1)
  7 rats
87 creatures vanquished.

Vanquished Creatures (others)
  An orc wizard (D:3)
  A plant (D:2)
2 creatures vanquished.

Grand Total: 89 creatures vanquished

Notes
Turn   | Place    | Note
-------+----------+-------------------------------------------
     0 | D:1      | SanguineChosen the Gargoyle Fighter began the quest for the
                  | Orb.
     0 | D:1      | Reached XP level 1. HP: 14/14 MP: 1/1
   335 | D:1      | Reached XP level 2. HP: 18/19 MP: 2/2
   884 | D:1      | Reached XP level 3. HP: 23/23 MP: 3/3
   898 | D:1      | Found a faded altar of an unknown god.
  1716 | D:2      | Reached XP level 4. HP: 28/28 MP: 4/4
  1849 | D:2      | Reached skill level 1 in Short Blades
  2522 | D:3      | Reached XP level 5. HP: 23/32 MP: 5/5
  2862 | D:3      | Found a runed translucent door.
  2863 | D:3      | Noticed Crazy Yiuf
  2990 | D:3      | Killed Crazy Yiuf
  3356 | D:4      | Found an iron altar of Okawaru.
  3372 | D:4      | Noticed a necrophage
  3386 | D:4      | Killed a necrophage
  3387 | D:4      | Reached XP level 6. HP: 35/38 MP: 6/6
  3631 | D:4      | Reached skill level 1 in Dodging
  3687 | D:4      | Noticed a black bear
  3697 | D:4      | HP: 1/38 [black bear (3)]
  3699 | D:4      | Slain by a black bear

Illustrated notes

Levels and vault maps discovered:
D:1:      mushboom_english_gardens, layout_loops_cross,
          hellmonk_ecumenical_altar_prayer_group, chequers_serial_rivers_micro_d
D:2:      layout_loops_ring, serial_bayou_pond_d, minmay_cupped
D:3:      layout_rooms, serial_bayou_lagoon_a, uniq_crazy_yiuf_cottage
D:4:      layout_cave_pools, okawaru_metal_pillars_1_2, lemuel_round_altar,
          ebering_ghost_sewer_f, gup_sewer_entry_pipe

Skill      XL: |  1  2  3  4  5  6 |
---------------+-------------------+-----
Short Blades   | 2 3 4 |  4.2
Armour         | 4 |  4.3
Shields        | 4 |  4.0
Fighting       | 4 |  4.1
Dodging        | 1 |  1.0
Maces & Flails | |  2.8
Stealth        | |  0.2

Action                   |  1- 3 |  4- 6 || total
-------------------------+-------+-------++-------
Melee: Flail             |    83 |       ||    83
       Short sword       |    52 |   238 ||   290
  Use: Scroll            |       |     9 ||     9
       Potion            |       |     4 ||     4
Armor: Scale mail        |    55 |    81 ||   136
Dodge: Dodged            |    47 |    60 ||   107
Block: Buckler           |    27 |    35 ||    62
